 Dungeon Crawl Stone Soup version 0.28.0 (webtiles) character file.

Game seed: 15192931839216876626

53 GrayStillPlays the Skirmisher (level 3, 0/29 HPs)
             Began as a Demonspawn Fighter on Feb 13, 2022.
             Slain by a goblin (2 damage)
             ... led by Robin
             ... on level 3 of the Dungeon.
             The game lasted 00:01:46 (1686 turns).

GrayStillPlays the Skirmisher (Demonspawn Fighter)  Turns: 1686, Time: 00:01:47

Health: 0/29       AC:  7    Str: 18    XL:     3   Next: 62%
Magic:  3/3        EV:  9    Int:  9    God:
Gold:   75         SH:  4    Dex: 12    Spells: 2/2 levels left

rFire   . . .      SeeInvis .   a - +0 war axe {axe}
rCold   . . .      Faith    .   c - +0 buckler
rNeg    . . .      Spirit   .   b - +0 scale mail
rPois   .          Reflect  .   (no helmet)
rElec   .          Harm     .   (no cloak)
rCorr   .          Rampage  .   (no gloves)
Will    .....                   e - +0 pair of boots
Stlth   ..........              (no amulet)
HPRegen 0.09/turn               (no ring)
MPRegen 0.08/turn               (no ring)

@: no status effects
A: claws 1, demonic guardian 1
a: no special abilities


You were on level 3 of the Dungeon.
You visited 1 branch of the dungeon, and saw 3 of its levels.

You collected 75 gold pieces.


Innate Abilities, Weirdness & Mutations

You have sharp fingernails.
A weak demonic guardian rushes to your aid.


   Skills:
 + Level 3.4 Fighting
 + Level 2.3 Axes
 + Level 3.1 Armour
 + Level 3.1 Shields


You had 2 spell levels left.
You didn't know any spells.
Your spell library contained the following spells:

 Spells                   Type           Power      Damage    Failure   Level
 Beastly Appendage        Tmut           0%         N/A       86%         1
 Freeze                   Ice            0%         1d3       86%         1
 Wereblood                Tmut           0%         N/A       94%         2
 Ignite Poison            Fire/Tmut/Pois 0%         N/A       99%         3
 Mephitic Cloud           Conj/Pois/Air  0%         N/A       99%         3
 Ozocubu's Armour         Ice            0%         N/A       99%         3
 Spider Form              Tmut/Pois      0%         N/A       99%         3
 Tukima's Dance           Hex            0%         N/A       99%         3
 Anguish                  Hex/Necr       0%         N/A       100%        4
 Freezing Cloud           Conj/Ice/Air   0%         6-21      100%        5
 Enfeeble                 Hex            0%         N/A       100%        7
 Ozocubu's Refrigeration  Ice            0%         4d5       100%        7

Inventory:

Hand Weapons
 a - a +0 war axe (weapon) {axe}
Missiles
 h - 62 stones (quivered) {throwing}
 i - 13 sling bullets
 j - 8 poisoned darts {throwing}
Armour
 b - a +0 scale mail (worn)
 c - a +0 buckler (worn)
 e - a +0 pair of boots (worn)
   (You found it on level 1 of the Dungeon)
Jewellery
 f - an amulet of regeneration {@e2}
   (You found it on level 1 of the Dungeon)
Scrolls
 k - 2 scrolls of silence {unknown}
 l - 3 scrolls of magic mapping {unknown}
 m - a scroll of enchant weapon {unknown}
Potions
 d - 2 potions of might
 g - 2 potions of brilliance {unknown}

Dungeon Overview and Level Annotations

Branches:
Dungeon (3/15)

Altars:

Annotations:
D:3 Robin

. ##.# .##.##
... .....
###..##.#.#
#.....#.#.#
#.#...#...#
.....#.#5# #
###.##..#<#g#.#
......g).gg@g.#
....#####g#####
. .....
#.#.##.# #.#..
# # ##. .# ..


You could see Robin, a hobgoblin (strong, ally target), 4 goblins and a friendly
ufetubus (summoned).


Message History

Things that are here:
a +0 dagger {short}; a kobold corpse; 😎 HP[+3]
Your hp is fully restored (29).
You now have 75 gold pieces (gained 9).
You open the door.
There is an open door here.
Key pressed, stopping explore.
There is an open door here.
Key pressed, stopping explore.
No target in view!
Done exploring.
No target in view!
Done exploring.
No target in view!
Done exploring.
Done exploring.
Done exploring.
No target in view!
No target in view!
Done exploring.
There is an open door here.
Things that are here:
a +0 dagger {short}; a kobold corpse
There is a stone staircase leading down here.
You climb downwards.
You hear the sound of rushing water.
There is an entrance to a sewer on this level.
Hurry and find it before the portal rusts away!
Robin shouts!
The goblin shouts! x2; You hear a shout! x4
There is a stone staircase leading up here.
A hobgoblin and 2 goblins come into view.
The hobgoblin shouts!
The goblin shouts!
You hear a shout! x2
A goblin comes into view. It is wielding a +0 club.
You hit the goblin.
You kill the goblin!
Robin roars a battlecry!
The goblins go into a battle-frenzy!
A goblin comes into view. It is wielding a +0 dagger.
Robin roars a battlecry!
The hobgoblin goes into a battle-frenzy!
The goblin hits you with a +0 club.
The hobgoblin hits you but does no damage.
You hear a shout!
You see here a +0 club {mace}. 😕 HP[-6]
You take 6 damage, and now have 23/29 hp.
MASSIVE DAMAGE!! (PAUSE)
A goblin comes into view. It is wielding a +0 club.
Robin throws the goblin at you! You block the goblin's attack.
You slash the goblin!
You kill the goblin!
You closely miss the goblin. The goblin hits you with a +0 club.
Robin throws the goblin at you! The goblin hits you but does no damage.
Things that are here:
a +0 club {mace}; a goblin corpse; 😮 HP[-2]
You take 2 damage, and now have 21/29 hp.
Robin throws the goblin at you! The goblin misses you.
The goblin hits you with a +0 dagger. You block the goblin's attack.
You miss the goblin. You slash the goblin!
You kill the goblin!
You hit the goblin.
Robin says, "My goblins will feast on your bones."
The goblin closely misses you. The goblin hits you but does no damage.
A goblin comes into view. It is wielding a +0 club.
You block the hobgoblin's attack.
The goblin hits you but does no damage. x2 😮 HP[-4]
You take 4 damage, and now have 17/29 hp.
You barely miss the goblin. You closely miss the goblin.
The goblin shouts!
You hit the hobgoblin but do no damage. The hobgoblin barely misses you.
The goblin closely misses you.
The goblin hits you with a +0 dagger. 😮 HP[-2]
You take 2 damage, and now have 15/29 hp.
You hit the goblin but do no damage. You barely miss the hobgoblin.
You slash the goblin!
You kill the goblin!
The hobgoblin hits you.
* * * LOW HITPOINT WARNING * * *
The goblin hits you but does no damage.
A goblin comes into view. It is wielding a +0 club. 😨 HP[-3]
You take 3 damage, and now have 12/29 hp.
You barely miss the goblin. You closely miss the hobgoblin.
The goblin barely misses you. The hobgoblin closely misses you.
The goblin hits you with a +0 dagger.
* * * LOW HITPOINT WARNING * * *
😨 HP[-4]
You take 4 damage, and now have 8/29 hp.
You slash the goblin!
You kill the goblin!
You barely miss the hobgoblin. You barely miss the goblin.
The goblin no longer looks unusually strong. x2
The goblin hits you with a +0 club.
* * * LOW HITPOINT WARNING * * *
Robin throws the goblin at you!
* * * LOW HITPOINT WARNING * * *
A demonic guardian appears!
The hobgoblin hits you.
* * * LOW HITPOINT WARNING * * *
The goblin closely misses you. The goblin hits you with a +0 club.
You die...

Skill      XL: |  1  2 |
---------------+-------+-----
Axes           | 2 |  2.3
Armour         | 3 |  3.1
Shields        | 3 |  3.1
Fighting       | |  3.4

Action                   || total
-------------------------++-------
Melee: War axe           ||   110
Armor: Scale mail        ||    60
Dodge: Dodged            ||    72
Block: Buckler           ||    31

Levels and vault maps discovered:
D:1:      sevenhm_arrival_forest_fort_small_3, layout_basic,
          shapermc_ecumenical_altar_rom_forum, corexii_hall_statues_x,
          chequers_jeans, minmay_tetromino_i2
D:2:      layout_basic
D:3:      layout_loops_cross, zin_statuary, eat_drink_and_be_merry_uskayaw,
          okawaru_altar_gauntlet_db, portal_sewer_entry_d, uniq_robin,
          uniq_crazy_yiuf_cottage

Notes
Turn   | Place    | Note
-------+----------+-------------------------------------------
     0 | D:1      | GrayStillPlays the Demonspawn Fighter began the quest for
                  | the Orb.
     0 | D:1      | Reached XP level 1. HP: 18/18 MP: 1/1
     0 | D:1      | magus.rc [v1.9.6]
    86 | D:1      | You add the spells Ozocubu's Armour and Ozocubu's
                  | Refrigeration to your library.
    90 | D:1      | You pick up a book of Changes and begin reading...
    90 | D:1      | You add the spells Beastly Appendage, Wereblood and Spider
                  | Form to your library.
   229 | D:1      | Found a faded altar of an unknown god.
   237 | D:1      | Got Plato's Almanac of the Frostbite
   249 | D:1      | Reached skill level 2 in Axes
   341 | D:1      | Gained mutation: You have sharp fingernails. [demonic
                  | ancestry]
   341 | D:1      | Reached XP level 2. HP: 24/24 MP: 2/2
   642 | D:1      | Reached skill level 3 in Armour
   713 | D:1      | Reached skill level 3 in Shields
   769 | D:1      | Gained mutation: A weak demonic guardian rushes to your
                  | aid. [demonic ancestry]
   769 | D:1      | Reached XP level 3. HP: 28/29 MP: 3/3
  1269 | D:2      | You add the spells Ignite Poison, Mephitic Cloud and
                  | Freezing Cloud to your library.
  1429 | D:2      | You pick up a book of Maledictions and begin reading...
  1429 | D:2      | You add the spells Tukima's Dance, Anguish and Enfeeble to
                  | your library.
  1673 | D:3      | Noticed Robin
  1686 | D:3      | HP: 6/29 [goblin[Robin] (2)]
  1686 | D:3      | HP: 2/29 [hobgoblin[Robin] (2)]
  1686 | D:3      | Slain by a goblin

Vanquished Creatures
  A dart slug (D:1)
  4 ball pythons
  3 endoplasms
  2 giant cockroaches
  12 goblins
  3 hobgoblins
  3 jackals (D:1)
  3 bats
  2 frilled lizards (D:1)
  5 kobolds
  8 rats
46 creatures vanquished.

Table legend:
 A = Non-vault XP
 B = Vault XP
 C = Vault XP percentage of total XP
 D = Non-vault monster count
 E = Vault monster count
 F = Vault count percentage of total count
                 A         B        C        D         E       F
            +---------+---------+-------+---------+---------+-------
      Total |      65 |      13 |  16.7 |      39 |       7 |  15.2
            +---------+---------+-------+---------+---------+-------
        D:1 |      38 |       3 |   7.3 |      21 |       2 |   8.7
        D:2 |      27 |       0 |   0.0 |      18 |       0 |   0.0
        D:3 |       0 |      10 | 100.0 |       0 |       5 | 100.0
            +---------+---------+-------+---------+---------+-------

Illustrated notes

Table legend:
 A = Kills in this place as a percentage of kills in entire the game.
 B = Kills by you in this place as a percentage of kills by you in the entire game.
 C = Kills by friends in this place as a percentage of kills by friends in the entire game.
 D = Other kills in this place as a percentage of other kills in the entire game.
 E = Experience gained in this place as a percentage of experience gained in the entire game.
 F = Experience gained in this place divided by the number of levels of this place that you have seen.
                   A       B       C       D       E      F
               +-------+-------+-------+-------+-------+----------------------
         Total | 100.0 | 100.0 |   N/A |   N/A | 100.0 |  26.0
       Dungeon | 100.0 | 100.0 |   N/A |   N/A | 100.0 |  26.0
               +-------+-------+-------+-------+-------+----------------------

Table legend: (Time is in decaauts)
 A = Elapsed time spent in this place.
 B = Non-inter-level travel time spent in this place.
 C = Inter-level travel time spent in this place.
 D = Time resting spent in this place.
 E = Time spent auto-exploring this place.
 F = Levels seen in this place.
 G = Mean time per level.
                   A        B        C        D        E       F      G
               +--------+--------+--------+--------+--------+-----+--------+
         Total |   1733 |   1615 |    118 |      0 |   1308 |   3 |  577.7 |
       Dungeon |   1733 |   1615 |    118 |      0 |   1308 |   3 |  577.7 |
               +--------+--------+--------+--------+--------+-----+--------+

Top non-repeatable levels by time:
     D:1: 887 daAuts
     D:2: 830 daAuts
     D:3: 15 daAuts
